 Dungeon Crawl Stone Soup version 0.30-a0-840-ga523dec638 (webtiles) character file.

Game seed: 581128685729679304

259733 browni3141 the Tainter (level 19, 0/114 HPs)
             Began as a Gargoyle Venom Mage on Mar 2, 2023.
             Was a High Priest of Ashenzari.
             Killed from afar by a yellow draconian annihilator (46 damage)
             ... with an iron shot
             ... on level 1 of the Realm of Zot.
             The game lasted 03:06:25 (44110 turns).

browni3141 the Tainter (Gargoyle Venom Mage)       Turns: 44110, Time: 03:06:26

Health: 0/114      AC: 32    Str: 16    XL:     19   Next: 39%
Magic:  24/33      EV: 17    Int: 28    God:    Ashenzari [*****.]
Gold:   339        SH: 13    Dex: 10    Spells: 1/39 levels left

rFire   + + +      SeeInvis +    q - +2 war axe of Ashenzari's Annoyance {freeze, rF+ rN+, Self, Evo} (curse)
rCold   + + .      Faith    .    c - +2 buckler "Sun of the Stellar Seer" {Cun, Elem} (curse)
rNeg    + + .      Spirit   .    G - +2 scale mail of the Wild Blue Yonder {rF+ Int+5, Comp, Bglg} (curse)
rPois   ∞          Reflect  +    a - +2 hat of the Wild Blue Yonder {Comp, Cun} (curse)
rElec   +          Harm     .    H - scarf of Supernal Knowledge {rC+ rF+, Bglg, Melee} (curse)
rCorr   .          Rampage  .    Y - +2 pair of gloves "Activism of Ashenzari" {hurl, Self, Comp} (curse)
Will    +....      Clarity  +    p - +1 pair of boots of Supernal Understanding {Evo, Fort} (curse)
Stlth   +++                      O - amulet of reflection
HPRegen 0.39/turn                M - ring "Mynigahy" {Fly rC+ Str+3}
MPRegen 0.23/turn                i - ring of the Ruined Sun {EV+5, Cun, Bglg} (curse)

@: flying
A: sickness immunity, AC +14, big wings, negative energy resistance 1,
electricity resistance, torment resistance 1, petrification resistance, no
potion heal 1
}: 3/15 runes: barnacled, slimy, gossamer
a: Renounce Religion, Curse Item, Shatter the Chains


You were on level 1 of the Realm of Zot.
You worshipped Ashenzari.
Ashenzari was extremely pleased with you.
You visited 9 branches of the dungeon, and saw 43 of its levels.
You also visited: Ossuary.

You collected 4228 gold pieces.
You spent 3889 gold pieces at shops.

Inventory:

Hand Weapons
 q - the cursed +2 war axe of Ashenzari's Annoyance (weapon) {freeze, rF+ rN+, Self, Evo}
   (You found it on level 3 of the Dungeon)

   rF:        It protects you from fire.
   rN:        It protects you from negative energy.
   It has a curse which improves the following skills: Introspection: Fighting
   and Spellcasting.
   Evocations: Evocations.
 w - a +2 broad axe of freezing
Missiles
 d - 4 throwing nets
 N - 3 boomerangs
 V - 8 curare-tipped darts
Armour
 a - the cursed +2 hat of the Wild Blue Yonder (worn) {Comp, Cun}
   (You found it on level 5 of the Lair of Beasts)

   It has a curse which improves the following skills: Companions: Summonings
   and Necromancy.
   Cunning:   Dodging and Stealth.
 c - the cursed +2 buckler "Sun of the Stellar Seer" (worn) {Cun, Elem}
   (You took it off a spriggan on level 5 of the Lair of Beasts)

   It has a curse which improves the following skills: Cunning: Dodging and
   Stealth.
   Elements:  Fire Magic, Ice Magic, Air Magic and Earth Magic.
 p - the cursed +1 pair of boots of Supernal Understanding (worn) {Evo, Fort}
   (You found it on level 5 of the Lair of Beasts)

   It has a curse which improves the following skills: Evocations: Evocations.
   Fortitude: Armour and Shields.
 G - the cursed +2 scale mail of the Wild Blue Yonder (worn) {rF+ Int+5, Comp, Bglg}
   (You took it off a rakshasa on level 14 of the Dungeon)

   Int:       It affects your intelligence (+5).
   rF:        It protects you from fire.
   It has a curse which improves the following skills: Companions: Summonings
   and Necromancy.
   Beguiling: Conjurations, Hexes and Translocations.
 H - the cursed scarf of Supernal Knowledge (worn) {rC+ rF+, Bglg, Melee}
   (You found it on level 4 of the Spider Nest)

   It has a curse which improves the following skills: Beguiling: Conjurations,
   Hexes and Translocations.
   Melee Combat: Short Blades, Long Blades, Axes, Maces & Flails, Polearms,
   Staves and Unarmed Combat.
 Y - the cursed +2 pair of gloves "Activism of Ashenzari" (worn) {hurl, Self, Comp}
   (You bought it in a shop on level 2 of the Orcish Mines)

   It has a curse which improves the following skills: Introspection: Fighting
   and Spellcasting.
   Companions: Summonings and Necromancy.
Jewellery
 i - the cursed ring of the Ruined Sun (right hand) {EV+5, Cun, Bglg}
   (You found it on level 1 of the Dungeon)

   [ring of evasion]

   EV:        It affects your evasion (+5).
   It has a curse which improves the following skills: Cunning: Dodging and
   Stealth.
   Beguiling: Conjurations, Hexes and Translocations.
 M - the ring "Mynigahy" (left hand) {Fly rC+ Str+3}
   (You bought it in a shop on level 4 of the Depths)

   [ring of flight]

   Str:       It affects your strength (+3).
   rC:        It protects you from cold.
   Fly:       It grants you flight.
 O - an amulet of reflection (around neck)
Wands
 F - a wand of flame (10)
 I - a wand of iceblast (9)
 J - a wand of polymorph (13)
 R - a wand of mindburst (3)
 S - a wand of quicksilver (8)
Scrolls
 g - 4 scrolls of enchant weapon
 h - a scroll of butterflies
 m - 3 scrolls of immolation
 n - a scroll of silence
 o - 4 scrolls of fear
 s - a scroll of magic mapping
 u - 11 scrolls of teleportation
 y - 7 scrolls of noise
 C - 2 scrolls of vulnerability
 D - a scroll of torment
 T - 2 scrolls of fog
 X - 2 scrolls of amnesia
 Z - 2 scrolls of poison
Potions
 b - 2 potions of magic
 e - a potion of might
 f - 9 potions of brilliance
 j - 18 potions of curing
 k - a potion of heal wounds
 l - a potion of haste
 r - 8 potions of mutation
 t - 5 potions of ambrosia
 v - 3 potions of invisibility
 z - 5 potions of lignification
 A - 6 potions of attraction
 B - 4 potions of flight
 E - 4 potions of degeneration
 U - a potion of cancellation
Miscellaneous
 x - a phantom mirror
 K - a phial of floods
 L - a condenser vane
 Q - a tin of tremorstones (2/2)


   Skills:
 - Level 7.5(11.0) Fighting
 - Level 4.2(7.0) Short Blades
 - Level 4.2(7.0) Long Blades
 - Level 7.2(11.4) Axes
 - Level 7.2(11.2) Maces & Flails
 - Level 7.2(11.0) Polearms
 * Level 4.2(9.4) Staves
 - Level 7.0 Throwing
 - Level 7.0(9.4) Armour
 - Level 7.0(11.5) Dodging
 - Level 7.0(11.4) Stealth
 - Level 7.0(9.4) Shields
 - Level 4.8(7.0) Unarmed Combat
 - Level 7.0(10.5) Spellcasting
 - Level 7.0(11.4) Conjurations
 - Level 7.0(11.5) Hexes
 - Level 7.0(11.5) Summonings
 - Level 5.7(10.1) Necromancy
 - Level 7.0(11.5) Translocations
 - Level 7.0 Transmutations
 - Level 7.9(10.3) Fire Magic
 - Level 8.0(10.3) Ice Magic
 - Level 7.0(9.3) Air Magic
 - Level 7.0(9.3) Earth Magic
 - Level 8.1 Poison Magic
 - Level 7.0(10.5) Evocations


You had one spell level left.
You knew the following spells:

 Your Spells              Type           Power      Damage    Failure   Level
a - Sting                 Tmut/Pois      100%       1d8       1%          1
b - Passwall              Tmut/Erth      47%        N/A       1%          2
c - Mephitic Cloud        Conj/Pois/Air  62%        N/A       1%          3
d - Searing Ray           Conj           100%       2d8       1%          2
e - Olgreb's Toxic Radia  Pois           56%        N/A       4%          4
f - Summon Lightning Spi  Summ/Air       65%        N/A       1%          4
g - Swiftness             Air            61%        N/A       1%          3
h - Ignite Poison         Fire/Tmut/Pois 58%        N/A       1%          3
i - Dispel Undead         Necr           63%        3d22      2%          4
j - Dispersal             Tloc           34%        N/A       19%         6
k - Passage of Golubria   Tloc           68%        N/A       1%          4
l - Blink                 Tloc           100%       N/A       1%          2

Your spell library contained the following spells:

 Spells                   Type           Power      Damage    Failure   Level
 Kiss of Death            Conj/Necr      100%       2d13      1%          1
 Magic Dart               Conj           100%       1d8       1%          1
 Shock                    Conj/Air       100%       1d9       1%          1
 Ensorcelled Hibernation  Hex/Ice        100%       N/A       1%          2
 Poisonous Vapours        Pois/Air       100%       N/A       1%          2
 Wereblood                Tmut           52%        N/A       1%          2
 Confusing Touch          Hex            68%        N/A       1%          3
 Dazzling Flash           Conj/Hex       100%       N/A       1%          3
 Gell's Gravitas          Tloc           68%        N/A       1%          3
 Kindle Blastsparks       Fire/Tloc/Air  100%       2d18      1%          3
 Spider Form              Tmut/Pois      54%        N/A       1%          3
 Stone Arrow              Conj/Erth      100%       3d13      1%          3
 Teleport Other           Tloc           68%        N/A       1%          3
 Anguish                  Hex/Necr       33%        N/A       1%          4
 Animate Armour           Summ/Erth      100%       N/A       1%          4
 Fulminant Prism          Conj/Hex       34%        3d15      1%          4
 Iskenderun's Mystic Bla  Conj/Tloc      68%        2d14      1%          4
 Manifold Assault         Tloc           68%        N/A       1%          4
 Airstrike                Air            30%        2d(5-21)  2%          4
 Petrify                  Tmut/Erth      57%        N/A       4%          4
 Metabolic Englaciation   Hex/Ice        33%        N/A       4%          5
 Lightning Bolt           Conj/Air       32%        1d50      5%          5
 Silence                  Hex/Air        32%        N/A       5%          5
 Lee's Rapid Deconstruct  Erth           30%        3d16*     8%          5
 Starburst                Conj/Fire      33%        6d10      24%         6
 Summon Hydra             Summ           34%        N/A       71%         7
 Storm Form               Tmut/Air       28%        N/A       99%         7
 Lehudib's Crystal Spear  Conj/Erth      32%        10d8      100%        8
 Sublimation of Blood     Necr           Unusable   N/A       N/A         2
 Statue Form              Tmut/Erth      Unusable   N/A       N/A         6

Dungeon Overview and Level Annotations

Branches:
Dungeon (15/15)            Temple (1/1) D:7            Lair (5/5) D:11
 Shoals (4/4) Lair:2       Spider (4/4) Lair:3        Slime (5/5) Lair:4
    Orc (2/2) D:12            Elf (0/3) Orc:2        Vaults (0/5) D:13
 Depths (4/4) D:15            Zot (3/5) Depths:4    Ossuary (visited)

Altars:
Ashenzari
Cheibriados
Dithmenos
Elyvilon
Fedhas
Gozag
Hepliaklqana
Kikubaaqudgha
Makhleb
Nemelex Xobeh
Okawaru
Qazlal
Ru
Sif Muna
Trog
Uskayaw
Vehumet
Wu Jian
Xom
Yredelemnul
Zin
The Shining One
Jiyva

Shops:
D:12 !   Orc:2 *[==?(   Depths:4 =:=

Portals:
Hell: Depths:1

Annotations:
D:3 exclusions: orc and orc priest
D:13 3 runed translucent doors, exclusion: 3 doors, Jynaviopo's ghost, journeyman GrFi
Lair:1 3 runed translucent doors, exclusion: 3 doors, zenocrate's ghost, novice OpTm
Lair:3 exclusion: oklob plant
Lair:4 exclusion: hydra
Shoals:1 2 transporters, Hiprater's ghost, adept MiBe
Spider:2 Mlioglotl; Roxanne
Spider:3 1 runed translucent door
Spider:4 Arachne


Innate Abilities, Weirdness & Mutations

You are immune to sickness and miasma.
Your stone body is resilient. (AC +14)
You are immune to poison.
Your large and strong wings let you fly.
You resist negative energy. (rN+)
You are resistant to electric shocks. (rElec)
You are resistant to unholy torment.
You are immune to petrification.
Potions are less effective at restoring your health.


Message History

The poison arrow hits the yellow draconian annihilator!
The yellow draconian annihilator looks as sick as possible!
The red draconian breathes fire at you. The searing blast hits you. You resist.
There is a gate leading back out of this place here.
Casting: Olgreb's Toxic Radiance (dangerous; 4% risk of failure)
Confirm with . or Enter, or press ? or * to list all spells.
You ignite the poison in your surroundings!
The yellow draconian annihilator seems to burn from within!!!
The yellow draconian annihilator is almost dead.
Casting: Ignite Poison (safe; 1% risk of failure)
Confirm with . or Enter, or press ? or * to list all spells.
Aiming: Mephitic Cloud (safe; 1% risk of failure)
Press: ? - help, Shift-Dir - straight line The ball explodes into a vile cloud!
The stinking cloud engulfs the red draconian but does no damage.
The stinking cloud engulfs the yellow draconian annihilator but does no damage.
The yellow draconian annihilator is almost dead.
The stinking cloud engulfs the red draconian but does no damage.
The yellow draconian annihilator points at you and mumbles some strange words.
The crystal spear hits you!!!
Ouch! That really hurt!
The red draconian is engulfed in noxious fumes.
The red draconian appears confused.
The red draconian is engulfed in noxious fumes.
The red draconian hits you but does no damage.
Casting: Mephitic Cloud (safe; 1% risk of failure)
Confirm with . or Enter, or press ? or * to list all spells.
Aiming: Mephitic Cloud (safe; 1% risk of failure)
Press: ? - help, Shift-Dir - straight line, f - yellow draconian annihilator
Aim: a yellow draconian annihilator, wielding a +0 rapier and wearing a +0 cloak (almost dead, chance to affect: 24%)
The ball explodes into a vile cloud!
The stinking cloud engulfs the yellow draconian annihilator but does no damage.
The yellow draconian annihilator is almost dead.
The stinking cloud engulfs the red draconian but does no damage.
The stinking cloud engulfs you but does no damage.
The yellow draconian annihilator is engulfed in noxious fumes.
The yellow draconian annihilator points at you and mumbles some strange words.
The iron shot hits you!!!
You die...

#...d.# #'#
#.....####.########
#.....{##...##....#
#.....##.[...##...#
#.....'...8)......#
#.....###.☼d###...#
#.....# #§d☼#.....#
#.....# #☼q☼#.....#
#.....# #☼@☼#.....#
#.....# #..°#.....#
#.....# #####.....#
#######.....#
#.......#
...)........#
#.......#
.)..........#
#.......#
............#
#########
............#
............#


You could see 2 draconians and a yellow draconian annihilator.

Vanquished Creatures
  the Royal Jelly (Slime:5)
  A golden dragon (Zot:1)
  2 bone dragons (Depths:4)
  2 tentacled monstrosities
  4 liches
  3 acid blobs (Slime:5)
  3 death cobs (Zot:1)
  Agnes (D:15)
  A draconian monk (Zot:1)
  2 storm dragons
  3 shadow dragons
  3 azure jellies
  3 draconian knights (Zot:1)
  A caustic shrike zombie (D:15)
  4 draconian scorchers
  A draconian shifter (Zot:1)
  A draconian stormcaller (Depths:4)
  An orc warlord (Orc:2)
  5 quicksilver oozes (Slime:5)
  2 broodmothers
  3 draconian annihilators
  A vampire knight (Depths:1)
  4 stone giants
  4 green draconians
  3 yellow draconians (Zot:1)
  3 black draconians
  5 purple draconians
  6 spark wasps
  A red draconian (Zot:1)
  4 white draconians
  4 merfolk impalers
  2 ettins
  3 entropy weavers
  A merfolk javelineer (Shoals:4)
  A great orb of eyes (Slime:5)
  A fire dragon (Depths:2)
  A yaktaur captain (D:12)
  A rakshasa (D:14)
  A spriggan air mage (Depths:3)
  3 hydras (Lair:5)
  2 radroaches
  5 centaur warriors
  A merfolk aquamancer (Shoals:4)
  3 jorogumos
  2 tengu warriors
  7 two-headed ogres
  9 boulder beetles
  3 orc high priests (Orc:2)
  4 death yaks (Lair:5)
  A spriggan berserker (Depths:4)
  Sonja (Lair:2)
  3 skysharks
  14 spriggans (Lair:5)
  2 pharaoh ants (Spider:3)
  Lodul (D:13)
  Amaemon (Lair:2)
  6 skeletal warriors
  5 sea snakes
  3 sun moths
  A spark wasp zombie (D:15)
  5 wizards
  2 lindwurms (Lair:5)
  Pikel (D:6)
  A glowing orange brain (shapeshifter) (D:13)
  7 orb spiders
  2 flayed ghosts
  A necromancer (D:15)
  5 harpies (Shoals:3)
  2 deep elf pyromancers (D:15)
  4 orc knights (Orc:2)
  5 steelbarb worms
  19 wolf spiders
  A shining eye (Slime:1)
  12 manticores
  4 orc sorcerers (Orc:2)
  A stone giant zombie (D:15)
  15 ugly things
  9 elephants
  8 cyclopes
  3 water nymphs (Shoals:4)
  9 moths of wrath
  9 black mambas
  4 merfolk sirens
  An orange demon (Lair:3)
  A stone giant skeleton (D:15)
  8 cane toads
  2 gargoyles
  9 komodo dragons
  Maggie (D:7)
  4 rime drakes
  2 yaktaurs
  An efreet (D:14)
  A tengu conjurer (D:14)
  9 merfolk
  9 trolls
  7 meliai
  4 polar bears
  A queen bee (Lair:1)
  6 hornets
  A tarantella (shapeshifter) (D:15)
  7 wind drakes
  A hornet (shapeshifter) (D:13)
  23 tarantellas
  8 dream sheep
  12 blink frogs
  3 snapping turtles
  24 slime creatures
  12 water elementals
  12 jumping spiders
  5 shadows
  18 culicivoras
  A culicivora (shapeshifter) (D:13)
  5 wyverns
  A centaur simulacrum (D:15)
  3 wraiths
  44 yaks
  A yak (shapeshifter) (D:11)
  A golden eye (shapeshifter) (D:13)
  3 golden eyes (Slime:1)
  21 redbacks
  2 vampire mosquitoes (D:13)
  3 steam dragons
  5 basilisks
  5 wargs
  4 acid dragons
  15 water moccasins
  A floating eye (Depths:2)
  28 orc warriors
  4 black bears
  5 ice beasts
  A sky beast (D:7)
  11 ogres
  8 boggarts
  28 wolves
  20 centaurs
  3 kobold brigands
  A lemure (D:6)
  An elf zombie (Ossuary)
  7 bullfrogs
  2 gnoll sergeants
  4 necrophages
  3 scorpions
  A troll zombie (D:12)
  9 wights
  29 killer bees
  8 howler monkeys
  10 electric eels
  A lava snake (D:7)
  A crimson imp (D:10)
  5 hounds
  2 jellies
  19 orc priests
  A gnoll bouda (D:8)
  2 iguanas
  20 orc wizards
  5 ogre zombies (D:12)
  3 mummies (Ossuary)
  14 gnolls
  8 adders
  A shadow imp (D:5)
  2 white imps
  An ufetubus (D:6)
  2 adder zombies (Ossuary)
  2 worms
  2 dart slugs
  52 orcs
  8 ball pythons
  7 bats
  9 endoplasms
  5 giant cockroaches
  A gnoll zombie (Ossuary)
  4 goblins
  5 hobgoblins
  5 quokkas
  5 frilled lizards
  A goblin skeleton (D:12)
  6 goblin zombies
  2 hobgoblin skeletons (D:12)
  8 hobgoblin zombies
  17 kobolds
  2 kobold zombies (Ossuary)
  11 orc zombies
  2 quokka zombies (Ossuary)
  6 rats
  A rat zombie (Ossuary)
1037 creatures vanquished.

Vanquished Creatures (collateral kills)
  An acid blob (Slime:5)
  A shadow dragon (Zot:2)
  A draconian monk (Zot:1)
  A draconian shifter (Zot:1)
  A draconian annihilator (Zot:1)
  A green draconian (Zot:1)
  2 fire dragons (Depths:2)
  A hydra (Lair:5)
  2 death yaks (Lair:5)
  A soul eater (Depths:4)
  A flayed ghost (D:14)
  3 elephants
  3 cane toads (Lair:5)
  A dream sheep (Lair:3)
  2 slime creatures
  A vampire mosquito (D:14)
  A water moccasin (Lair:5)
  2 orc warriors (Orc:2)
  A wolf (Lair:5)
27 creatures vanquished.

Vanquished Creatures (others)
  A death cob (Zot:2)
  A draconian annihilator (Zot:1)
  A red draconian (Zot:2)
  A centaur (D:11)
  3 orc wizards
  43 fungi
  121 plants
  8 withered plants (D:15)
179 creatures vanquished.

Grand Total: 1243 creatures vanquished

Notes
Turn   | Place    | Note
-------+----------+-------------------------------------------
     0 | D:1      | browni3141 the Gargoyle Venom Mage began the quest for the
                  | Orb.
     0 | D:1      | Reached XP level 1. HP: 10/10 MP: 3/3
   205 | D:1      | Reached skill level 1 in Transmutations
   205 | D:1      | Reached XP level 2. HP: 15/15 MP: 0/5
   841 | D:1      | Reached XP level 3. HP: 20/20 MP: 2/6
   903 | D:1      | Found a faded altar of an unknown god.
  1250 | D:2      | Reached skill level 1 in Fighting
  1265 | D:2      | Learned a level 2 spell: Poisonous Vapours
  1269 | D:2      | Learned a level 3 spell: Mephitic Cloud
  2288 | D:3      | Identified the +2 war axe of Welfare {freeze, rF+ rN+}
  2313 | D:3      | Reached XP level 4. HP: 26/26 MP: 7/7
  3096 | D:3      | Found a white marble altar of Elyvilon.
  3315 | D:4      | Reached XP level 5. HP: 28/30 MP: 2/8
  3439 | D:4      | Found an opulent altar of Gozag.
  3439 | D:4      | Found a glowing silver altar of Zin.
  3548 | D:4      | Reached skill level 5 in Poison Magic
  3604 | D:4      | Identified the +6 falchion "Fiuniob" {heavy, rElec Int+4
                  | Dex+5}
  3712 | D:4      | Found an ancient bone altar of Kikubaaqudgha.
  4065 | D:4      | Reached XP level 6. HP: 35/35 MP: 2/9
  4336 | D:5      | Entered Level 5 of the Dungeon
  4693 | D:5      | Reached skill level 1 in Conjurations
  4693 | D:5      | Reached XP level 7. HP: 31/40 MP: 7/10
  4696 | D:5      | Learned a level 2 spell: Searing Ray
  5381 | D:5      | Reached XP level 8. HP: 42/44 MP: 13/13
  5437 | D:5      | Learned a level 4 spell: Olgreb's Toxic Radiance
  5957 | D:6      | Reached skill level 5 in Conjurations
  5957 | D:6      | Noticed Pikel
  5958 | D:6      | Reached skill level 5 in Spellcasting
  5988 | D:6      | Killed Pikel
  5989 | D:6      | Reached XP level 9. HP: 42/48 MP: 12/19
  6421 | D:7      | Noticed a hornet
  6527 | D:7      | Killed a hornet
  6797 | D:7      | Noticed Maggie
  6816 | D:7      | Reached skill level 5 in Stealth
  6870 | D:7      | Found a sand-covered staircase.
  6874 | Ossuary  | Entered an ossuary
  7010 | Ossuary  | Reached XP level 10. HP: 58/58 MP: 20/20
  7473 | D:7      | Found a staircase to the Ecumenical Temple.
  7663 | D:7      | Reached skill level 5 in Fighting
  7725 | Temple   | Entered the Ecumenical Temple
  7725 | Temple   | Found a transporter.
  7725 | Temple   | Found a transporter.
  7727 | Temple   | Found a transporter.
  7727 | Temple   | Found a transporter.
  7757 | Temple   | Became a worshipper of Ashenzari the Shackled
  7854 | D:7      | Killed Maggie
  8276 | D:8      | Found a bloodstained altar of Trog.
  9181 | D:9      | Noticed a two-headed ogre
  9265 | D:9      | Killed a two-headed ogre
  9266 | D:9      | Reached skill level 5 in Dodging
  9377 | D:9      | Reached * piety under Ashenzari
  9441 | D:9      | Reached skill level 1 in Summonings
  9585 | D:9      | Identified the +4 hand axe of Blind Justice {spect, rF+}
  9966 | D:9      | Found a shadowy altar of Dithmenos.
 10007 | D:9      | Reached ** piety under Ashenzari
 10025 | D:9      | Found an iron altar of Okawaru.
 10437 | D:10     | Entered Level 10 of the Dungeon
 10486 | D:10     | Reached XP level 11. HP: 63/67 MP: 13/21
 10588 | D:10     | Found a sparkling altar of Nemelex Xobeh.
 10609 | D:10     | Noticed a two-headed ogre
 10642 | D:10     | Killed a two-headed ogre
 10816 | D:10     | Found a stormy altar of Qazlal.
 10869 | D:10     | Reached skill level 5 in Armour
 11321 | D:10     | Reached skill level 5 in Summonings
 11608 | D:10     | Found a burning altar of Makhleb.
 11609 | D:10     | Found a radiant altar of Vehumet.
 11767 | D:11     | Found Ojulasy's Magic Scroll Emporium.
 11793 | D:11     | Reached skill level 1 in Axes
 11928 | D:11     | Noticed a two-headed ogre
 11948 | D:11     | Killed a two-headed ogre
 11949 | D:11     | Reached XP level 12. HP: 43/74 MP: 3/24
 12090 | D:11     | Noticed a two-headed ogre
 12113 | D:11     | Killed a two-headed ogre
 12152 | D:11     | Reached skill level 5 in Axes
 12293 | D:11     | Found a staircase to the Lair.
 12327 | D:11     | Reached *** piety under Ashenzari
 12699 | Lair:1   | Entered Level 1 of the Lair of Beasts
 12715 | Lair:1   | Found a runed translucent gate.
 12837 | Lair:1   | Reached **** piety under Ashenzari
 13096 | Lair:1   | Found a runed translucent gate.
 13096 | Lair:1   | Found a runed translucent gate.
 13102 | Lair:1   | Reached skill level 1 in Air Magic
 13113 | Lair:1   | Noticed zenocrate's ghost (novice OpTm)
 13118 | Lair:1   | Noticed a seven-headed hydra
 13325 | Lair:1   | Found a hide-covered altar of Uskayaw.
 13326 | Lair:1   | Noticed a boulder beetle
 13327 | Lair:1   | Found an ornate altar of the Wu Jian Council.
 13343 | Lair:1   | Killed a boulder beetle
 13770 | Lair:2   | Reached skill level 1 in Maces & Flails
 14072 | Lair:2   | Learned a level 4 spell: Summon Lightning Spire
 14128 | Lair:2   | Found a staircase to the Shoals.
 14594 | Lair:2   | Found a glowing golden altar of the Shining One.
 14600 | Lair:2   | Noticed Sonja
 14606 | Lair:2   | Killed Sonja
 15102 | Lair:3   | Identified a scroll of acquirement
 15107 | Lair:3   | Reached skill level 5 in Maces & Flails
 15244 | Lair:3   | Reached XP level 13. HP: 72/80 MP: 4/26
 15248 | Lair:3   | Noticed Amaemon
 15271 | Lair:2   | Killed Amaemon
 15463 | Lair:3   | Reached skill level 1 in Polearms
 15837 | Lair:3   | Found a hole to the Spider Nest.
 16239 | Lair:3   | Found a blossoming altar of Fedhas.
 16745 | Lair:4   | Reached skill level 5 in Polearms
 17484 | Lair:4   | Found a viscous altar of Jiyva.
 17485 | Lair:4   | Found a staircase to the Slime Pits.
 17690 | Lair:5   | Entered Level 5 of the Lair of Beasts
 18069 | Lair:4   | Learned a level 3 spell: Swiftness
 18102 | Lair:5   | Reached skill level 1 in Translocations
 18302 | Lair:5   | Reached skill level 5 in Air Magic
 18521 | Lair:5   | Gained mutation: Your large and strong wings let you fly.
                  | [Gargoyle growth]
 18521 | Lair:5   | Reached XP level 14. HP: 58/86 MP: 11/27
 18829 | Lair:5   | Reached skill level 1 in Shields
 19358 | Lair:5   | Reached ***** piety under Ashenzari
 19852 | Lair:5   | Reached skill level 5 in Shields
 21169 | D:12     | Found Kuupaeh's Distillery.
 21395 | D:12     | Reached ****** piety under Ashenzari
 21926 | D:12     | Reached XP level 15. HP: 68/92 MP: 20/28
 22046 | D:12     | Found a staircase to the Orcish Mines.
 22058 | D:12     | Reached skill level 5 in Translocations
 22789 | Orc:1    | Entered Level 1 of the Orcish Mines
 23293 | Orc:2    | Entered Level 2 of the Orcish Mines
 23294 | Orc:2    | Found Lesozar's Antique Weapon Boutique.
 23442 | Orc:2    | Found Yqoqupsi's Jewellery Shoppe.
 23462 | Orc:2    | Found a staircase to the Elven Halls.
 23733 | Orc:2    | Reached skill level 1 in Evocations
 23851 | Orc:2    | Paralysed by an orc sorcerer for 3 turns
 23876 | Orc:2    | Noticed an orc warlord
 23886 | Orc:2    | Found Gyirepni's Antique Armour Emporium.
 23892 | Orc:2    | Paralysed by an orc sorcerer for 2 turns
 23895 | Orc:2    | Killed an orc warlord
 24098 | Orc:2    | Found Xeohiukh's Jewellery Shoppe.
 24172 | Orc:2    | Found a burning altar of Makhleb.
 24211 | Orc:2    | Found Ylowin's General Store.
 24447 | Orc:2    | Found Huumpuif's Magic Scroll Shoppe.
 24721 | Orc:2    | Bought a pair of scorched boots for 332 gold pieces
 24721 | Orc:2    | Identified the +0 pair of boots of Qijoc {Will+} (You
                  | bought it in a shop on level 2 of the Orcish Mines)
 24721 | Orc:2    | Bought a pair of embroidered gloves for 262 gold pieces
 24721 | Orc:2    | Bought a pair of glowing gloves for 262 gold pieces
 24765 | Orc:2    | Bought a wand of quicksilver (5) for 294 gold pieces
 24765 | Orc:2    | Bought a potion of heal wounds for 70 gold pieces
 24765 | Orc:2    | Bought a potion of curing for 42 gold pieces
 24807 | Orc:2    | Bought a scroll of blinking for 82 gold pieces
 24807 | Orc:2    | Bought a scroll of fear for 44 gold pieces
 24807 | Orc:2    | Bought a scroll of vulnerability for 44 gold pieces
 24883 | D:12     | Bought a potion of heal wounds for 90 gold pieces
 24883 | D:12     | Bought a potion of lignification for 54 gold pieces
 24883 | D:12     | Bought a potion of heal wounds for 90 gold pieces
 24947 | D:13     | Reached skill level 1 in Throwing
 25081 | D:13     | Reached skill level 5 in Evocations
 25266 | D:13     | Identified the +9 long sword "Pumyolel" {venom, MP+9 Int+2
                  | SInv}
 25451 | D:13     | Found a runed translucent gate.
 25451 | D:13     | Found a runed translucent gate.
 25451 | D:13     | Found a runed translucent gate.
 25458 | D:13     | Noticed Jynaviopo's ghost (journeyman GrFi)
 25795 | D:13     | Identified the +4 leather armour of Fuamixzo {Will+++ Int-4
                  | Slay+4 SInv}
 25945 | D:13     | Noticed Lodul
 25958 | D:13     | Killed Lodul
 26091 | D:13     | Found a gate to the Vaults.
 26132 | D:13     | Reached skill level 5 in Throwing
 26673 | D:14     | Reached XP level 16. HP: 99/99 MP: 20/30
 27187 | D:14     | Noticed a lich
 27218 | D:14     | Noticed a lich
 27229 | D:14     | HP: 3/99 [lich/bolt of cold (62)]
 27234 | D:14     | Killed a lich
 27237 | D:14     | Killed a lich
 27257 | D:14     | Reached skill level 1 in Earth Magic
 27430 | D:14     | Reached skill level 1 in Fire Magic
 27430 | D:14     | Reached skill level 1 in Ice Magic
 27451 | D:14     | Noticed a lich
 27467 | D:14     | Killed a lich
 27488 | D:14     | Identified the ring "Poeqij" {rC+ rN+ Str+2 Int-3}
 27767 | D:14     | Identified the +2 scale mail of Indemnity {rF+ Int+5}
 28345 | D:15     | Entered Level 15 of the Dungeon
 28448 | D:15     | Found a staircase to the Depths.
 29777 | D:15     | Noticed Agnes
 29787 | D:15     | Killed Agnes
 30380 | Spider:1 | Entered Level 1 of the Spider Nest
 30449 | Spider:1 | Reached skill level 5 in Earth Magic
 30858 | Spider:1 | Identified Ypita's Directory of the Hazy Coals
 30874 | Spider:1 | Learned a level 3 spell: Ignite Poison
 30879 | Spider:1 | Learned a level 4 spell: Dispel Undead
 31254 | Spider:2 | Reached skill level 1 in Necromancy
 31480 | Spider:2 | Identified Roxanne's Compendium of Vicissitude
 31480 | Spider:2 | Noticed Roxanne
 31484 | Spider:2 | Noticed Mlioglotl
 31584 | Spider:2 | Reached skill level 5 in Ice Magic
 31709 | Spider:2 | Reached skill level 5 in Fire Magic
 32090 | Spider:2 | Learned a level 6 spell: Dispersal
 32219 | Spider:3 | Reached XP level 17. HP: 88/104 MP: 27/31
 32527 | Spider:3 | Found a runed translucent door.
 33112 | Spider:4 | Entered Level 4 of the Spider Nest
 33249 | Spider:4 | Identified the +0 robe of Vikhlugg {rElec Int+3 SInv}
 34147 | Spider:4 | Reached skill level 5 in Necromancy
 34435 | Spider:4 | Noticed Arachne
 35147 | Spider:4 | Got a gossamer rune of Zot
 35838 | Shoals:1 | Entered Level 1 of the Shoals
 36115 | Shoals:4 | Entered Level 4 of the Shoals
 36584 | Shoals:4 | Identified the +5 chain mail of Vocayl {Stlth+}
 36944 | Shoals:4 | Noticed a titan
 36958 | Shoals:4 | Got a barnacled rune of Zot
 37203 | Shoals:1 | Found a transporter.
 37221 | Shoals:1 | Identified the +2 helmet "Nezxob" {rPois Str+3}
 37222 | Shoals:1 | Found a bloodstained altar of Trog.
 37235 | Shoals:1 | Noticed Hiprater's ghost (adept MiBe)
 37272 | Shoals:1 | Found a transporter.
 37530 | Slime:1  | Entered Level 1 of the Pits of Slime
 37544 | Slime:1  | Gained mutation: Potions are less effective at restoring
                  | your health. [a shining eye]
 37711 | Slime:3  | Noticed an acid blob
 37716 | Slime:4  | Noticed an acid blob
 37717 | Slime:4  | Noticed an acid blob
 37721 | Slime:5  | Entered Level 5 of the Pits of Slime
 37741 | Slime:5  | Noticed an acid blob
 37751 | Slime:5  | Killed an acid blob
 37752 | Slime:5  | Reached skill level 5 in Transmutations
 37752 | Slime:5  | Reached XP level 18. HP: 69/108 MP: 32/32
 37907 | Slime:5  | Found a viscous altar of Jiyva.
 37908 | Slime:5  | Noticed the Royal Jelly
 37909 | Slime:5  | Identified the +0 leather armour of Badegug {rPois Int+4}
 37910 | Slime:5  | Identified the Atlas of Maleficia
 37910 | Slime:5  | Identified the Treatise on Transition
 37914 | Slime:5  | Killed the Royal Jelly
 37919 | Slime:5  | Identified the ring "Ruitz" {Wiz Dex+2}
 37920 | Slime:5  | Identified the Almanac of the Virous Chill
 37922 | Slime:5  | Got a slimy rune of Zot
 37969 | Slime:4  | Paralysed by a great orb of eyes for 2 turns
 38318 | Depths:1 | Entered Level 1 of the Depths
 38323 | Depths:1 | Found a gateway to Hell.
 38389 | Depths:2 | Noticed a lich
 38399 | Depths:2 | Killed a lich
 38680 | Depths:2 | Reached skill level 1 in Short Blades
 38680 | Depths:2 | Reached skill level 1 in Long Blades
 38680 | Depths:2 | Reached skill level 1 in Hexes
 38794 | Depths:2 | Acquired a +2 broad axe of freezing
 39021 | Depths:4 | Entered Level 4 of the Depths
 39256 | Depths:4 | Found Uhafip's Jewellery Shop.
 39256 | Depths:4 | Found Xunn's Book Emporium.
 39257 | Depths:4 | Found Koala's Jewellery Shop.
 39264 | Depths:4 | Bought a book of the Moon for 920 gold pieces
 39269 | Depths:4 | Learned a level 4 spell: Passage of Golubria
 39269 | Depths:4 | Acquired 1009 gold pieces
 39275 | Depths:4 | Bought an Inescapable Atlas for 736 gold pieces
 39278 | Depths:4 | Learned a level 2 spell: Blink
 39284 | Depths:4 | Bought the ring "Mynigahy" {Fly rC+ Str+3} for 567 gold
                  | pieces
 39471 | Depths:4 | Noticed a bone dragon
 39906 | Depths:4 | Noticed a bone dragon
 39909 | Depths:4 | Noticed a bone dragon
 39921 | Depths:4 | Killed a bone dragon
 40025 | Depths:4 | Found a gate to the Realm of Zot.
 40037 | Depths:4 | Killed a bone dragon
 40139 | Zot:1    | Entered Level 1 of the Realm of Zot
 40195 | Zot:2    | Learned a level 2 spell: Passwall
 40208 | Zot:2    | Noticed a tentacled monstrosity
 40225 | Zot:2    | Killed a tentacled monstrosity
 40812 | Zot:3    | Noticed a tentacled monstrosity
 40816 | Zot:3    | Noticed a quicksilver dragon
 41202 | Zot:2    | Noticed a golden dragon
 41338 | Zot:1    | Identified the +0 plate armour "Bogurr" {Drain rC++}
 41477 | Zot:1    | Reached skill level 5 in Hexes
 41944 | Zot:1    | Reached XP level 19. HP: 41/114 MP: 15/33
 42097 | Zot:1    | Noticed a golden dragon
 42230 | Zot:1    | Noticed a tentacled monstrosity
 42252 | Zot:1    | Killed a tentacled monstrosity
 42371 | Zot:1    | Reached skill level 1 in Unarmed Combat
 43208 | Zot:1    | Reached skill level 1 in Staves
 43322 | Zot:1    | Noticed a golden dragon
 43520 | Zot:1    | Killed a golden dragon
 44110 | Zot:1    | Killed from afar by a yellow draconian annihilator

Illustrated notes

Levels and vault maps discovered:
D:1:      roderic_crop_circles_arrival_small, layout_loops_ring,
          nicolae_ecumenical_lake_church
D:2:      layout_basic
D:3:      layout_basic, mainiacjoe_overflow_alcove_4
D:4:      layout_loops_ring, grunt_temple_overflow_gold_and_silver,
          lemuel_crystal_altar, lexackson_kobold_supper
D:5:      minmay_diamond_boxcup, layout_basic
D:6:      layout_rooms, hangedman_minor_gate_pass, uniq_pikel
D:7:      layout_loops_cross, minmay_temple_entry_poolview, enter_ossuary_5,
          kennysheep_cross_room, kennysheep_generic_room_12, uniq_maggie
D:8:      layout_loops_ring, trog_three_pillars_becter,
          hangedman_abyss_or_decor_clamps, chequers_serial_rivers_micro_a
D:9:      cheibrodos_steamvent, layout_small_grid,
          mainiacjoe_overflow_surrounded_room, okawaru_metal_pillars_1_2
D:10:     layout_roguey, mainiacjoe_overflow_catwalk,
          mainiacjoe_overflow_24_doors,
          grunt_temple_overflow_lords_of_destruction, grunt_decor_fettered
D:11:     layout_basic, erik_lair_orcish_takeover, serial_shops,
          nicolae_square_shop
D:12:     layout_irregular_city, zombieorc1_lemuel, serial_shops,
          kennysheep_little_box, minmay_checkered_concentric_circles
D:13:     minmay_chambers_of_sevens, layout_basic, david_vaults_2,
          gammafunk_ghost_necromancy, uniq_lodul
D:14:     layout_roguey, kennysheep_pointless_box, roderic_cross_of_infinity,
          minmay_the_grid_2x2 [minmay_the_grid_outer_diamond,
          minmay_the_grid_tri_star, minmay_the_grid_odd_star,
          minmay_the_grid_prize_inner_circle]
D:15:     gammafunk_depths_entry_grave, layout_basic, uniq_agnes
Temple:   hellmonk_temple_divided_pantheon
Lair:1:   layout_roguey, special_room [special_room_bee], gammafunk_ghost_split,
          nzn_masters_of_martial_movement
Lair:2:   statuecave_lemuel, layout_layer_cave, minmay_shoals_entry_beasts,
          basic_altar, serial_bayou_shore_a, uniq_sonja
Lair:3:   layout_layer_cave, nicolae_spider_entry_orb_guardian,
          chequers_serial_rivers_large_a, tgw_fedhas, grunt_megastairs_3,
          uniq_amaemon
Lair:4:   layout_roguey, dpeg_slime_entry_enclosed, grunt_megastairs_5
Lair:5:   minmay_lair_end_enchanted_forest, layout_gridlike, st_stairs_12,
          pdpol_lair_cavern_descent, infiniplex_staircase_pool_2
Shoals:1: layout_shoals, gammafunk_ghost_wrathful_warriors
Shoals:2: layout_shoals, serial_shops, shop, nicolae_shoals_spring_well_temple,
          uniq_ilsuiw
Shoals:3: layout_shoals
Shoals:4: shoals_end_hellmonk_storm_palace [storm_palace_center_square,
          storm_palace_corner_reverse_hut, storm_palace_corner_grid,
          storm_palace_corner_grid, storm_palace_corner_pillars], serial_shops
Spider:1: layout_spider_delve
Spider:2: layout_cave_pods, uniq_roxanne, uniq_mlioglotl
Spider:3: cheibrodos_spider_deadly_dance, portal_ice_cave_entry_pillars_1
Spider:4: johnstein_spider_rune_arachne_lair, uniq_arachne
Slime:1:  layout_caves
Slime:2:  layout_caves
Slime:3:  layout_caves, nicolae_slime_getting_an_eyeful
Slime:4:  layout_caves
Slime:5
Orc:1:    layout_caves
Orc:2:    grunt_orc_gardens, layout_caves, grunt_orc_garden, grunt_orc_garden,
          grunt_orc_garden, grunt_orc_garden, serial_shops,
          nicolae_shop_advertising_works [nicolae_subvault_shop_adworks], shop,
          bloody_makhleb
Depths:1: layout_gridville, enter_ziggurat_f, chequers_serial_rivers_marsh,
          pf_hell_entry_tar_river, serial_sigils_hangedman_carve,
          nzn_wu_jian_council_hall
Depths:2: evilmike_silver_temple, layout_basic, hell_entry,
          rand_demon_pan_entry_1, nicolae_elevator_lobby_plus
Depths:3: kennysheep_oblong_rooms, layout_gridlike, hell_entry,
          chequers_serial_rivers_marsh, abyss_entry,
          infiniplex_staircase_squiggle, uniq_parghit, uniq_enchantress
Depths:4: evilmike_zot_entry_round, layout_gridlike, hellmouth_3,
          minmay_shop_grove
Zot:1:    layout_cellular_growth, grunt_ministairs_14
Zot:2:    layout_gridville
Zot:3:    layout_cathedral_of_symmetry

Skill      XL: |  1  2  3  4  5  6  7  8  9 10 11 12 13 14 15 16 17 18 19 |
---------------+----------------------------------------------------------+-----
Transmutations | 1 5 7 |  7.0
Fighting       | 1 2 4 7 |  7.5
Poison Magic   | 4 5 7 8 |  8.1
Dodging        | 2 3 5 7 |  7.0
Conjurations   | 1 3 5 7 |  7.0
Spellcasting   | 3 7 |  7.0
Stealth        | 5 7 |  7.0
Armour         | 3 5 7 |  7.0
Summonings     | 2 7 |  7.0
Axes           | 4 7 |  7.2
Air Magic      | 4 5 7 |  7.0
Maces & Flails | 5 7 |  7.2
Polearms       | 7 |  7.2
Translocations | 1 4 7 |  7.0
Shields        | 7 |  7.0
Evocations     | 6 7 |  7.0
Throwing       | 5 7 |  7.0
Earth Magic    | 6 7 |  7.0
Fire Magic     | 5 7 |  7.9
Ice Magic      | 5 8 |  8.0
Necromancy     | 3 5 |  5.7
Short Blades   | 4 |  4.2
Long Blades    | 4 |  4.2
Hexes          | 6 7 |  7.0
Unarmed Combat | 4 |  4.8
Staves         | 4 |  4.2

Action                     |  1- 3 |  4- 6 |  7- 9 | 10-12 | 13-15 | 16-18 | 19-21 || total
---------------------------+-------+-------+-------+-------+-------+-------+-------++-------
  Melee: Unarmed           |    15 |       |       |       |       |       |       ||    15
         War axe           |     2 |    45 |   143 |   486 |  1163 |  1079 |   113 ||  3031
         Punch             |       |     1 |     1 |     4 |     6 |       |       ||    12
   Cast: Sting             |    97 |    80 |    24 |     9 |       |       |       ||   210
         Searing Ray       |       |       |    16 |    16 |    12 |     7 |     2 ||    53
         Mephitic Cloud    |       |       |     8 |    42 |    25 |    21 |    10 ||   106
         Olgreb's Toxic Ra |       |       |     4 |    36 |    89 |   178 |    32 ||   339
         Poisonous Vapours |       |       |     3 |     6 |     1 |       |       ||    10
         Summon Lightning  |       |       |       |     2 |    13 |    21 |     7 ||    43
         Ignite Poison     |       |       |       |       |       |    78 |    34 ||   112
         Dispersal         |       |       |       |       |       |    58 |     1 ||    59
         Swiftness         |       |       |       |       |       |     1 |     1 ||     2
         Dispel Undead     |       |       |       |       |       |    24 |     3 ||    27
         Passage of Golubr |       |       |       |       |       |     6 |     4 ||    10
         Blink             |       |       |       |       |       |     2 |     1 ||     3
         Passwall          |       |       |       |       |       |     2 |       ||     2
 Invoke: Curse Item        |       |       |       |     7 |     4 |     2 |       ||    13
         Shatter the Chain |       |       |       |       |     1 |     4 |       ||     5
  Evoke: Wand              |       |       |       |     2 |     7 |    37 |       ||    46
         Phial of floods   |       |       |       |       |     1 |     2 |       ||     3
         Tin of tremorston |       |       |       |       |     2 |     5 |       ||     7
         Phantom mirror    |       |       |       |       |     1 |     2 |       ||     3
         Condenser vane    |       |       |       |       |       |     1 |       ||     1
    Use: Potion            |       |       |     1 |       |     1 |    43 |     1 ||    46
         Scroll            |       |       |       |    13 |     2 |    28 |     2 ||    45
   Stab: Sleeping          |       |     1 |     2 |    10 |    23 |    11 |       ||    47
         Confused          |       |       |     1 |     7 |    26 |     9 |       ||    43
         Distracted        |       |       |       |     1 |     7 |     3 |     1 ||    12
         Invisible         |       |       |       |       |       |     1 |       ||     1
 Armour: Robe              |    20 |     6 |       |       |       |       |       ||    26
         Leather armour    |       |    16 |    54 |    16 |       |       |       ||    86
         Acid dragon scale |       |       |       |   211 |   441 |    75 |       ||   727
         Scale mail        |       |       |       |       |       |   592 |    97 ||   689
  Dodge: Dodged            |    72 |    80 |   191 |   650 |  1090 |   985 |    97 ||  3165
  Block: Buckler           |       |       |       |       |   257 |   644 |    68 ||   969
         Reflection        |       |       |       |       |       |     9 |     2 ||    11

Table legend: (Time is in decaauts)
 A = Elapsed time spent in this place.
 B = Non-inter-level travel time spent in this place.
 C = Inter-level travel time spent in this place.
 D = Time resting spent in this place.
 E = Time spent auto-exploring this place.
 F = Levels seen in this place.
 G = Mean time per level.
                   A        B        C        D        E       F      G
               +--------+--------+--------+--------+--------+-----+--------+
         Total |  44300 |  42152 |   2148 |   9455 |  21656 |  44 | 1006.8 |
       Dungeon |  19763 |  18776 |    987 |   1854 |  12850 |  15 | 1317.5 |
        Temple |     47 |     34 |     13 |      0 |      4 |   1 |   47.0 |
          Lair |   8899 |   8054 |    845 |    447 |   6057 |   5 | 1779.8 |
        Shoals |   1458 |   1420 |     38 |    630 |    111 |   4 |  364.5 |
   Spider Nest |   5377 |   5276 |    101 |   2466 |   1284 |   4 | 1344.2 |
    Slime Pits |    565 |    565 |      0 |    309 |      0 |   5 |  113.0 |
  Orcish Mines |   2041 |   1891 |    150 |    176 |   1290 |   2 | 1020.5 |
        Depths |   2366 |   2356 |     10 |   1371 |      0 |   4 |  591.5 |
           Zot |   3441 |   3441 |      0 |   2091 |      0 |   3 | 1147.0 |
       Ossuary |    339 |    339 |      0 |    110 |     59 |   1 |  339.0 |
               +--------+--------+--------+--------+--------+-----+--------+

Top non-repeatable levels by time:
  Lair:5: 2994 daAuts
   Zot:1: 2920 daAuts
    D:14: 2542 daAuts
Spider:3: 1893 daAuts
  Lair:2: 1866 daAuts
Spider:4: 1720 daAuts
    D:12: 1716 daAuts
  Lair:4: 1690 daAuts
Depths:4: 1647 daAuts
   Orc:2: 1529 daAuts
    D:15: 1469 daAuts
     D:5: 1468 daAuts
    D:13: 1410 daAuts
    D:10: 1357 daAuts
  Lair:3: 1300 daAuts
